 Dungeon Crawl Stone Soup version 0.29.1-12-g30fa7ad0bf (webtiles) character file.

Game seed: 1153322289744377467

73 DildoBatman the Conjurer (level 4, -2/33 HPs)
             Began as a Formicid Conjurer on Jan 18, 2023.
             Slain by a kobold
             ... wielding a +0 short sword
              (4 damage)
             ... on level 2 of the Dungeon.
             The game lasted 00:03:41 (1258 turns).

DildoBatman the Conjurer (Formicid Conjurer)        Turns: 1258, Time: 00:03:42

Health: -2/33      AC:  2    Str: 12    XL:     4   Next: 51%
Magic:  8/8        EV: 12    Int: 19    God:
Gold:   43         SH:  0    Dex: 12    Spells: 5/8 levels left

rFire   . . .      SeeInvis +   a - +0 dagger (venom)
rCold   . . .      Faith    .   (no shield)
rNeg    . . .      Spirit   .   g - +0 robe
rPois   .          Reflect  .   (helmet unavailable)
rElec   .          Harm     .   (no cloak)
rCorr   .          Rampage  .   (no gloves)
Will    .....                   (no boots)
Stlth   ++........              (no amulet)
HPRegen 0.11/turn               (no ring)
MPRegen 0.11/turn               (no ring)

@: no status effects
A: permanent stasis, dig shafts and tunnels, antennae 3, four strong arms
a: Dig, Shaft Self


You were on level 2 of the Dungeon.
You visited 1 branch of the dungeon, and saw 2 of its levels.

You collected 43 gold pieces.

Inventory:

Hand Weapons
 a - a +0 dagger of venom (weapon)
 b - a +0 club
Missiles
 h - 3 stones
Armour
 g - a +0 robe (worn)
Scrolls
 c - 2 scrolls of enchant armour {unknown}
 d - a scroll of teleportation {unknown}
 f - 3 scrolls of identify {unknown}
Potions
 e - a potion of magic
 i - a potion of curing {unknown}
 j - a potion of berserk rage {unknown}


   Skills:
 * Level 1.7 Fighting
 * Level 1.7 Armour
 - Level 2.0 Dodging
 - Level 2.4 Stealth
 * Level 2.8 Spellcasting
 * Level 4.0 Conjurations


You had 5 spell levels left.
You knew the following spells:

 Your Spells              Type           Power      Damage    Failure   Level
a - Searing Ray           Conj           36%        2d5       4%          2
c - Magic Dart            Conj           72%        1d6       3%          1

Your spell library contained the following spells:

 Spells                   Type           Power      Damage    Failure   Level
 Foxfire                  Conj/Fire      40%        2x1d6     7%          1
 Conjure Flame            Conj/Fire      10%        6-21      21%         3
 Dazzling Flash           Conj/Hex       20%        N/A       21%         3
 Inner Flame              Hex/Fire       2%         N/A       43%         3
 Flame Wave               Conj/Fire      10%        2d6       54%         4
 Fulminant Prism          Conj/Hex       5%         3d7       54%         4
 Iskenderun's Mystic Bla  Conj/Tloc      10%        2d4       54%         4


Dungeon Overview and Level Annotations

Branches:
Dungeon (2/15)

Altars:
The Shining One

Shops:
D:2 (

Annotations:
D:1 1 runed translucent door, exclusion: endoplasm


Innate Abilities, Weirdness & Mutations

You cannot be hasted, slowed, berserked, paralysed or teleported.
You can dig through walls and to a lower floor.
You have a pair of large antennae on your head. (SInv)
Your four strong arms can wield two-handed weapons with a shield.


Message History

The endoplasm closely misses you. What are your orders? t - Shout!
Orders for allies: a - Attack new target. r - Retreat! s - Stop attacking. g - Guard the area. f - Follow me.
Anything else - Cancel.
You shout for attention!
The giant cockroach barely misses you.
The kobold hits you with a +0 short sword.
The endoplasm freezes you.
You are frozen.
You closely miss the kobold. The giant cockroach closely misses you.
The kobold hits you with a +0 short sword.
The endoplasm closely misses you. The kobold barely misses you.
What are your orders? t - Shout!
Orders for allies: a - Attack new target. r - Retreat! s - Stop attacking. g - Guard the area. f - Follow me.
Anything else - Cancel.
You shout for attention!
The giant cockroach closely misses you. The kobold misses you.
The giant cockroach bites you but does no damage.
The endoplasm freezes you.
You are frozen.
The kobold hits you with a +0 club. What are your orders? t - Shout!
Orders for allies: a - Attack new target. r - Retreat! s - Stop attacking. g - Guard the area. f - Follow me.
Anything else - Cancel.
You shout for attention!
The giant cockroach closely misses you.
The kobold hits you with a +0 short sword.
You die...

......#...#......
#.#### .....
#...#
.....##.##.. #...
#...# ...##...'..
#### #...#
####..##.. #...#
#...# .. #.†....
.....##...# ....
##.####
......#...#.....
#...♣.
.$....KBJ.'....:
#.#..#
.....#@K.#.{..J
#.#♣∩♣ ... #...#
...{ #....# .
....# . #..#.♣#
#.#### #.##..# ..
#. ##.. ... ..
#.. .... #.# ....
#.# #.#


You could see an endoplasm, a giant cockroach and 2 kobolds.

Vanquished Creatures
  2 adders (D:2)
  A worm (D:2)
  2 dart slugs (D:1)
  4 endoplasms
  3 giant cockroaches
  2 hobgoblins
  3 jackals (D:1)
  5 kobolds
  4 quokkas
  6 ball pythons
  A bat (D:2)
  2 frilled lizards (D:1)
  5 goblins
  5 rats (D:1)
45 creatures vanquished.

Vanquished Creatures (others)
  3 fungi (D:1)
  2 plants (D:1)
5 creatures vanquished.

Grand Total: 50 creatures vanquished

Notes
Turn   | Place    | Note
-------+----------+-------------------------------------------
     0 | D:1      | DildoBatman the Formicid Conjurer began the quest for the
                  | Orb.
     0 | D:1      | Reached XP level 1. HP: 13/13 MP: 3/3
     1 | D:1      | Found a runed translucent door.
   119 | D:1      | Found a faded altar of an unknown god.
   196 | D:1      | Reached XP level 2. HP: 14/20 MP: 3/5
   199 | D:1      | Learned a level 2 spell: Searing Ray
   500 | D:1      | Reached skill level 1 in Fighting
   500 | D:1      | Reached skill level 1 in Armour
   500 | D:1      | Reached XP level 3. HP: 25/26 MP: 2/6
   886 | D:2      | Found Ykoenn's Weapon Shoppe.
   893 | D:2      | Reached XP level 4. HP: 32/32 MP: 2/8
  1008 | D:2      | Reached skill level 4 in Conjurations
  1129 | D:2      | Found a glowing golden altar of the Shining One.
  1258 | D:2      | Slain by a kobold

Illustrated notes

Levels and vault maps discovered:
D:1:      dpeg_arrival_caged_fury, layout_loops_ring,
          shapermc_ecumenical_altar_acropolis, kennysheep_decorative_pillar
D:2:      kennysheep_six_static_rooms, layout_basic, basic_altar, serial_shops,
          nicolae_shop_trees

Skill      XL: |  1  2  3  4 |
---------------+-------------+-----
Dodging        | 2 |  2.0
Fighting       | 1 |  1.7
Armour         | 1 |  1.7
Conjurations   | 4 |  4.0
Stealth        | |  2.4
Spellcasting   | |  2.8

Action                   |  1- 3 |  4- 6 || total
-------------------------+-------+-------++-------
Melee: Club              |    29 |       ||    29
       Unarmed           |     1 |       ||     1
       Dagger            |     3 |    22 ||    25
 Cast: Magic Dart        |    36 |     5 ||    41
       Searing Ray       |     3 |     3 ||     6
Armor: Robe              |     2 |     5 ||     7
Dodge: Dodged            |    30 |    29 ||    59
